 Dungeon Crawl Stone Soup version 0.20-a0-1015-g2ec8a95 (console) character file.

29407 vuev the Eclecticist (level 13, -1/65 HPs)
             Began as a Deep Elf Conjurer on Apr 15, 2017.
             Was a High Priest of Vehumet.
             Succumbed to Nessos's poison
             ... on level 4 of the Lair of Beasts.
             The game lasted 00:47:23 (22001 turns).

vuev the Eclecticist (Deep Elf Conjurer)           Turns: 22001, Time: 00:47:24

Health: -1/65      AC:  7    Str:  7    XL:     13   Next: 15%
Magic:  15/37      EV: 13    Int: 30    God:    Vehumet [*****.]
Gold:   824        SH:  0    Dex: 18    Spells: 22/48 levels left

rFire    . . .     SeeInvis +   H - +6 whip {slash, *Drain Int+6 Dex+3 SInv}
rCold    . . .     Gourm    .   (no shield)
rNeg     + . .     Faith    .   R - +2 robe {rN+}
rPois    .         Spirit   .   e - +0 helmet
rElec    .         Reflect  .   (no cloak)
rCorr    .         Harm     .   w - +1 pair of gloves
MR       ++...                  (no boots)
Stlth    +++.......             (no amulet)
Regen    0.2/turn               D - ring of protection from magic
MPRegen  0.3/turn               S - ring of stealth

@: lethally poisoned (-1 -> -46)
A: no striking features
a: Renounce Religion


You were on level 4 of the Lair of Beasts.
You worshipped Vehumet.
Vehumet was extremely pleased with you.
You were not hungry.

You visited 3 branches of the dungeon, and saw 16 of its levels.
You also visited: Ossuary.

You collected 936 gold pieces.
You spent 112 gold pieces at shops.

Inventory:

Hand Weapons
 H - the +6 whip "Basah" (weapon) {slash, *Drain Int+6 Dex+3 SInv}
   (You found it on level 4 of the Dungeon)

   It inflicts extra damage upon your enemies.
   It affects your intelligence (+6).
   It affects your dexterity (+3).
   It lets you see invisible.
   It causes draining when unequipped.
Missiles
 r - 491 stones (quivered)
Armour
 e - a +0 helmet (worn)
 w - a +1 pair of gloves (worn)
 R - a +2 robe of positive energy (worn)
Jewellery
 D - a ring of protection from magic (left hand)
 S - a ring of stealth (right hand)
Wands
 s - a wand of digging (24/24)
 I - a wand of paralysis (8/24)
Scrolls
 f - 4 scrolls of amnesia
 j - 3 scrolls of fog
 p - 4 scrolls of blinking
 t - 8 scrolls of teleportation
 u - 2 scrolls of identify
 y - 3 scrolls of enchant armour
 z - 5 scrolls of remove curse
 E - a scroll of fear
 J - a scroll of immolation
 M - a scroll of magic mapping
 P - a scroll of enchant weapon
Potions
 d - 4 potions of brilliance
 h - 3 potions of might
 k - 4 potions of agility {unknown}
 l - 2 potions of flight {unknown}
 m - 10 potions of curing {unknown}
 n - 4 potions of haste {unknown}
 q - 2 potions of mutation
 B - a potion of heal wounds
 F - 2 potions of degeneration {unknown}
 L - a potion of lignification {unknown}
 O - a potion of resistance {unknown}
Books
 g - a book of Power

   Spells                             Type                      Level
   a - Iskenderun's Battlesphere      Conjuration/Charms           5
   b - Venom Bolt                     Conjuration/Poison           5
   c - Bolt of Magma                  Conjuration/Fire/Earth       5
   d - Iron Shot                      Conjuration/Earth            6
   e - Orb of Destruction             Conjuration                  7
   f - Spellforged Servitor           Conjuration/Summoning        7
 v - a book of Callings

   Spells                             Type                      Level
   a - Summon Small Mammal            Summoning                    1
   b - Call Imp                       Summoning                    2
   c - Call Canine Familiar           Summoning                    3
   d - Summon Guardian Golem          Hexes/Summoning              3
   e - Summon Lightning Spire         Summoning/Air                4
   f - Summon Ice Beast               Ice/Summoning                4
 Q - a book of Debilitation

   Spells                             Type                      Level
   a - Corona                         Hexes                        1
   b - Slow                           Hexes                        2
   c - Inner Flame                    Hexes/Fire                   3
   d - Portal Projectile              Hexes/Translocation          3
   e - Cause Fear                     Hexes                        4
   f - Leda's Liquefaction            Hexes/Earth                  4
 X - a book of Flames

   Spells                             Type                      Level
   a - Flame Tongue                   Conjuration/Fire             1
   b - Throw Flame                    Conjuration/Fire             2
   c - Conjure Flame                  Conjuration/Fire             3
   d - Inner Flame                    Hexes/Fire                   3
   e - Sticky Flame                   Conjuration/Fire             4
   f - Fireball                       Conjuration/Fire             5
 Y - a Young Poisoner's Handbook

   Spells                             Type                      Level
   a - Sting                          Conjuration/Poison           1
   b - Poisonous Vapours              Poison/Air                   2
   c - Mephitic Cloud                 Conjuration/Poison/Air       3
   d - Olgreb's Toxic Radiance        Poison                       4
   e - Venom Bolt                     Conjuration/Poison           5
Comestibles
 a - 6 chunks of flesh
 c - 10 bread rations
 i - 15 royal jellies
 o - 5 meat rations
 K - 13 fruits


   Skills:
 + Level 1.3 Fighting
   Level 0.4 Short Blades
 + Level 2.4 Dodging
 - Level 2.4 Stealth
 + Level 18.0 Spellcasting
 + Level 15.6 Conjurations
 - Level 0.3 Hexes
 - Level 2.2 Charms
 * Level 9.2 Fire Magic


You had 22 spell levels left.
You knew the following spells:

 Your Spells              Type           Power        Failure   Level  Hunger
a - Magic Dart            Conj           ####         0%          1    None
b - Fireball              Conj/Fire      #######...   1%          5    None
c - Flame Tongue          Conj/Fire      #####        0%          1    None
e - Iskenderun's Mystic   Conj           #######.     1%          4    None
f - Force Lance           Conj/Tloc      ######..     1%          4    None
p - Fulminant Prism       Conj/Hex       ######....   1%          4    None
r - Searing Ray           Conj           ######       0%          2    None
t - Iskenderun's Battles  Conj/Chrm      ######..     1%          5    None


Dungeon Overview and Level Annotations

Branches:
Dungeon (11/15)            Temple (1/1) D:5            Lair (4/6) D:11
 Shoals (0/4) Lair:3       Spider (0/4) Lair:4          Orc (0/2) D:10

Altars:
Ashenzari
Cheibriados
Dithmenos
Elyvilon
Fedhas
Gozag
Hepliaklqana
Kikubaaqudgha
Makhleb
Nemelex Xobeh
Okawaru
Qazlal
Ru
Sif Muna
Trog
Uskayaw
Vehumet
Wu Jian
Xom
Yredelemnul
Zin
The Shining One

Shops:
D:10 *

Annotations:
Lair:4 Nessos


Message History

You feel sick.
Nessos says, "I schooled the Big Guy.
You'll be no problem."
Nessos shoots an arrow.
The arrow hits you! The arrow burns you.
You are more poisoned.
Your battlesphere fires!
The barrage of energy hits Nessos.
Nessos is heavily wounded.
Nessos shoots an arrow.
The arrow hits you!!
* * * LOW HITPOINT WARNING * * *
The arrow burns you.
You are more poisoned.
* * * LOW HITPOINT WARNING * * *
Casting: Fireball
Confirm with . or Enter, or press ? or * to list all spells.
Aiming: Fireball
Press: ? - help, Shift-Dir - straight line, f/p - Nessos
Aim: Nessos, wielding a longbow of flaming and wearing a runed centaur barding (heavily wounded, fast)
The fireball explodes!
The fireball engulfs Nessos.
Nessos is severely wounded.
You die...

##..........#
###....P.....##
##.....#.P...##
###P....#.##..##
#......#.####.####
###...##........#.# .
###....P...........## .....
....###..*...............##
(....
.........(@.#............##
.....
......c.....#...........##.
..Y..
...........#..........†.#..
.....
...........................
.....
#P.........................
.....
###....#.#.............#...
#.....###.......######....
#....# ######### ###.. ##.


You could see Nessos and a friendly battlesphere.

Vanquished Creatures
  The ghost of Zargon the Geomancer, a journeyman FoEE of Makhleb (Lair:2)
  Harold (D:11)
  4 hydras
  The ghost of Canard the Destroyer, a journeyman DrCj of Vehumet (Lair:1)
  A death yak (Lair:4)
  4 two-headed ogres
  Urug (D:11)
  Pikel (D:7)
  An ugly thing (D:11)
  A wolf spider (D:11)
  A black mamba (Lair:1)
  7 spiny frogs
  2 gargoyles (D:10)
  5 komodo dragons
  Grinder (D:5)
  2 polar bears
  A hornet (D:8)
  8 hippogriffs
  Sigmund (D:6)
  A human (D:10)
  5 basilisks
  A wyvern (D:11)
  17 yaks
  2 hogs (D:10)
  Grum (Lair:1)
  A steam dragon (Lair:4)
  Menkaure (D:5)
  3 wargs (D:11)
  6 water moccasins
  7 porcupines
  A sky beast (D:11)
  A phantom (D:4)
  2 slaves (D:7)
  4 ice beasts
  4 orc warriors
  An eye of draining (D:11)
  9 centaurs
  2 wolves (Lair:1)
  5 ogres
  9 crocodiles
  2 big kobolds
  9 bullfrogs
  A wyvern zombie (D:11)
  A gnoll sergeant (D:10)
  2 wyvern skeletons
  4 scorpions
  3 killer bees (D:9)
  8 wights
  3 howler monkeys (D:9)
  8 crimson imps
  5 hounds
  2 bullfrog zombies
  A centaur zombie (D:7)
  13 orc priests
  2 bullfrog skeletons (D:8)
  A centaur skeleton (D:8)
  Ijyb (D:3)
  6 iguanas
  18 orc wizards
  10 worker ants
  A big kobold zombie (Ossuary)
  A hound zombie (D:11)
  A hound skeleton (D:4)
  4 mummies
  A howler monkey zombie (D:5)
  A worker ant zombie (D:10)
  18 gnolls
  13 adders
  3 shadow imps
  3 oozes
  An adder zombie (D:8)
  An adder skeleton (D:7)
  4 worms
  2 dart slugs (D:1)
  4 leopard geckos
  64 orcs
  15 giant cockroaches
  23 goblins
  6 hobgoblins
  22 jackals
  18 kobolds
  10 quokkas
  9 bats
  6 frilled lizards
  A giant cockroach zombie (D:5)
  6 kobold zombies (Ossuary)
  A leopard gecko zombie (D:6)
  An orc zombie (Ossuary)
  10 rats
  A fulminant prism (Ossuary)
  2 plants (Lair:1)
480 creatures vanquished.

Vanquished Creatures (others)
  A slave (D:10)
  43 fulminant prisms
  7 fungi
  25 plants
76 creatures vanquished.

Grand Total: 556 creatures vanquished

Notes
Turn   | Place    | Note
-------+----------+-------------------------------------------
     0 | D:1      | vuev the Deep Elf Conjurer began the quest for the Orb.
     0 | D:1      | Reached XP level 1. HP: 10/10 MP: 6/6
   151 | D:1      | Reached XP level 2. HP: 15/15 MP: 4/8
   155 | D:1      | Learned a level 2 spell: Searing Ray
   288 | D:1      | Reached skill level 5 in Conjurations
   684 | D:1      | Reached XP level 3. HP: 19/19 MP: 6/10
  1229 | D:2      | Found a glowing golden altar of the Shining One.
  1261 | D:2      | Found a shimmering altar of Xom.
  1261 | D:2      | Found an ancient bone altar of Kikubaaqudgha.
  1412 | D:2      | Reached skill level 4 in Spellcasting
  1750 | D:2      | Reached XP level 4. HP: 24/24 MP: 9/12
  1949 | D:2      | Learned a level 4 spell: Iskenderun's Mystic Blast
  2276 | D:2      | Found a snail-covered altar of Cheibriados.
  2646 | D:2      | Found a shattered altar of Ashenzari.
  2829 | D:3      | Reached XP level 5. HP: 28/28 MP: 10/14
  3031 | D:3      | Reached skill level 5 in Spellcasting
  4292 | D:3      | Reached XP level 6. HP: 32/32 MP: 13/16
  4310 | D:3      | Learned a level 4 spell: Force Lance
  4443 | D:3      | Reached skill level 6 in Spellcasting
  4723 | D:3      | Noticed Ijyb
  4734 | D:3      | Learned a level 4 spell: Fulminant Prism
  4756 | D:3      | Killed Ijyb
  5075 | D:4      | Found a burning altar of Makhleb.
  5443 | D:4      | Reached XP level 7. HP: 27/36 MP: 10/19
  5534 | D:4      | Reached skill level 7 in Spellcasting
  5767 | D:4      | Got a twisted whip
  5768 | D:4      | Identified the +6 whip "Basah" {slash, *Drain Int+6 Dex+3 SInv} (You found it on level 4 of the Dungeon)
  6273 | D:5      | Entered Level 5 of the Dungeon
  6275 | D:5      | Noticed Grinder
  6278 | D:5      | Killed Grinder
  6278 | D:5      | Reached skill level 8 in Spellcasting
  6278 | D:5      | Reached XP level 8. HP: 42/42 MP: 8/22
  6371 | D:5      | Noticed Menkaure
  6373 | D:5      | Killed Menkaure
  6761 | D:5      | Reached skill level 9 in Spellcasting
  6892 | D:5      | Found a sand-covered staircase.
  6897 | Ossuary  | Entered an ossuary
  7281 | D:5      | Found a staircase to the Ecumenical Temple.
  7289 | Temple   | Entered the Ecumenical Temple
  7469 | Temple   | Became a worshipper of Vehumet
  7712 | D:5      | Found a sacrificial altar of Ru.
  8105 | D:6      | Noticed Sigmund
  8142 | D:6      | Reached skill level 10 in Spellcasting
  8273 | D:6      | Killed Sigmund
  8623 | D:6      | Reached * piety under Vehumet
  8623 | D:6      | Offered knowledge of Sandblast by Vehumet.
  8838 | D:6      | Reached skill level 10 in Conjurations
  8838 | D:6      | Reached XP level 9. HP: 46/46 MP: 16/25
  8841 | D:6      | Reached skill level 11 in Spellcasting
  9288 | D:6      | Found a deep blue altar of Sif Muna.
  9579 | D:7      | Noticed Pikel
  9819 | D:7      | Reached skill level 12 in Spellcasting
  9931 | D:7      | Offered knowledge of Flame Tongue by Vehumet.
  9934 | D:7      | Learned a level 1 spell: Flame Tongue
 10016 | D:7      | Reached ** piety under Vehumet
 10140 | D:7      | Killed Pikel
 10140 | D:7      | Reached skill level 1 in Fire Magic
 10996 | D:8      | Noticed a two-headed ogre
 10999 | D:8      | Killed a two-headed ogre
 10999 | D:8      | Offered knowledge of Static Discharge by Vehumet.
 10999 | D:8      | Reached skill level 13 in Spellcasting
 10999 | D:8      | Reached XP level 10. HP: 51/51 MP: 15/29
 11333 | D:8      | Found a deep blue altar of Sif Muna.
 11428 | D:8      | Found a sparkling altar of Nemelex Xobeh.
 11431 | D:8      | Found a stormy altar of Qazlal.
 11462 | D:8      | Found an opulent altar of Gozag.
 11538 | D:8      | Noticed a two-headed ogre
 11540 | D:8      | Killed a two-headed ogre
 11540 | D:8      | Reached skill level 1 in Fighting
 11544 | D:8      | Noticed a two-headed ogre
 11549 | D:8      | Killed a two-headed ogre
 11713 | D:8      | Reached *** piety under Vehumet
 12153 | D:8      | Noticed a dagger
 12153 | D:8      | Noticed a dagger
 12156 | D:8      | Found a hide-covered altar of Uskayaw.
 12708 | D:9      | Offered knowledge of Stone Arrow by Vehumet.
 12766 | D:9      | Reached skill level 14 in Spellcasting
 13415 | D:9      | Found a shadowy altar of Dithmenos.
 13422 | D:9      | Reached skill level 5 in Fire Magic
 13443 | D:9      | Reached **** piety under Vehumet
 13443 | D:9      | Reached XP level 11. HP: 56/56 MP: 27/31
 13605 | D:9      | Learned a level 5 spell: Fireball
 13933 | D:10     | Entered Level 10 of the Dungeon
 14225 | D:10     | Found a stormy altar of Qazlal.
 14244 | D:10     | Offered knowledge of Lightning Bolt by Vehumet.
 14425 | D:10     | Found a staircase to the Orcish Mines.
 14519 | D:10     | Found Quqapp's General Store.
 14571 | D:10     | Bought a scroll of blinking for 112 gold pieces
 14624 | D:10     | Learned a level 5 spell: Iskenderun's Battlesphere
 14981 | D:10     | Reached skill level 15 in Spellcasting
 15166 | D:11     | Noticed a two-headed ogre
 15168 | D:11     | Killed a two-headed ogre
 15444 | D:11     | Noticed a wolf spider
 15447 | D:11     | Killed a wolf spider
 15527 | D:11     | Found a stormy altar of Qazlal.
 15677 | D:11     | Noticed a cyan ugly thing
 15688 | D:11     | Killed a cyan ugly thing
 15688 | D:11     | Reached skill level 1 in Charms
 15705 | D:11     | Noticed Harold
 15724 | D:11     | Killed Harold
 15941 | D:11     | Found a staircase to the Lair.
 16039 | D:11     | Reached ***** piety under Vehumet
 16043 | D:11     | Offered knowledge of Ozocubu's Refrigeration by Vehumet.
 16097 | D:11     | Noticed Urug
 16100 | D:11     | Killed Urug
 16861 | Lair:1   | Entered Level 1 of the Lair of Beasts
 16864 | Lair:1   | Reached XP level 12. HP: 61/61 MP: 19/33
 16925 | Lair:1   | Reached skill level 16 in Spellcasting
 17028 | Lair:1   | Noticed a four-headed hydra
 17037 | Lair:1   | Killed a four-headed hydra
 17285 | Lair:1   | Noticed an eight-headed hydra
 17288 | Lair:1   | Killed an eight-headed hydra
 17511 | Lair:1   | Noticed Canard's ghost (journeyman DrCj)
 17516 | Lair:1   | Killed Canard's ghost
 17806 | Lair:1   | Noticed Grum
 17818 | Lair:1   | Killed Grum
 18934 | Lair:2   | Noticed a six-headed hydra
 18937 | Lair:2   | Killed a six-headed hydra
 18937 | Lair:2   | Reached skill level 17 in Spellcasting
 18937 | Lair:2   | Reached skill level 15 in Conjurations
 19266 | Lair:2   | Noticed a five-headed hydra
 19276 | Lair:2   | Killed a five-headed hydra
 19522 | Lair:2   | Noticed Zargon's ghost (journeyman FoEE)
 19527 | Lair:2   | Killed Zargon's ghost
 19963 | Lair:2   | Identified a scroll of acquirement
 19966 | Lair:2   | Got a slimy golden ring
 19967 | Lair:2   | Identified the ring "Deebb" {Ice *Contam +Blink rElec Str+3} (You acquired it on level 2 of the Lair of Beasts)
 20013 | Lair:3   | Found a staircase to the Shoals.
 20520 | Lair:3   | Reached XP level 13. HP: 65/65 MP: 22/36
 21282 | Lair:4   | Found a hole to the Spider Nest.
 21818 | Lair:3   | Reached skill level 18 in Spellcasting
 21986 | Lair:4   | Noticed Nessos
 22000 | Lair:4   | HP: 2/65 [Nessos/arrow (3)]
 22001 | Lair:4   | Succumbed to Nessos's poison

Vault maps used:
D:1:      lightli_arrival_isolated_outpost, serial_bayou_pond_d,
          minmay_close_crescents
D:2:      minmay_roachtagon, lemuel_coloured_pillars_altar,
          overflow_temple_1_default, lemuel_crystal_altar,
          gammafunk_temple_overflow_pools, first_bread
D:3:      kennysheep_goblin_castle, uniq_iyjb
D:4:      bloody_makhleb, minmay_splitting_lines
D:5:      minmay_temple_entry_overgrown, enter_ossuary_2,
          nicolae_ru_the_path_less_chosen, uniq_menkaure, uniq_grinder
D:6:      led_sif_book, uniq_sigmund
D:7:      uniq_pikel
D:8:      nicolae_overflow_quartered_altars, dancing_weapons_uskayaw
D:9:      nicolae_dithmenos_the_darkroom
D:10:     orc_0_dummy, serial_shops, shop, grunt_livestock,
          nicolae_qazlal_general_emergency
D:11:     erik_lair_orcish_takeover, grunt_decor_one_mirror,
          minmay_ruined_shrine, uniq_urug, uniq_harold
Temple:   chequers_temple_sunken
Lair:1:   beast_lair_carwin_large_2, infiniplex_staircase_pool,
          lemuel_fruit_fields, serial_bayou_shore_a, uniq_grum
Lair:3:   minmay_shoals_entry_centaurs
Lair:4:   dummy_spider_entry, beast_lair_carwin_10, infiniplex_staircase_pool_2,
          lemuel_fruit_tree, uniq_nessos
Ossuary:  ossuary_tomb_3

Skill      XL: |  1  2  3  4  5  6  7  8  9 10 11 12 13 |
---------------+----------------------------------------+-----
Conjurations   | 5 6 7 8 10 11 13 14 15 | 15.6
Spellcasting   | 4 5 6 8 10 13 14 15 17 18 | 18.0
Fire Magic     | 3 5 7 9 |  9.2
Fighting       | 1 |  1.3
Charms         | 2 |  2.2
Short Blades   | |  0.4
Dodging        | |  2.4
Stealth        | |  2.4
Hexes          | |  0.3

Action                   |  1- 3 |  4- 6 |  7- 9 | 10-12 | 13-15 || total
-------------------------+-------+-------+-------+-------+-------++-------
Melee: Dagger            |     1 |       |       |       |       ||     1
       Whip              |       |       |       |     1 |       ||     1
Throw: Stone             |       |    15 |    29 |    13 |       ||    57
 Cast: Magic Dart        |    40 |    54 |    32 |   115 |    19 ||   260
       Searing Ray       |    20 |    45 |    63 |    55 |       ||   183
       Fulminant Prism   |       |     6 |    25 |    13 |       ||    44
       Iskenderun's Myst |       |     1 |    34 |    82 |     4 ||   121
       Force Lance       |       |       |     3 |    23 |     3 ||    29
       Iskenderun's Batt |       |       |       |    56 |    15 ||    71
       Fireball          |       |       |       |    46 |    15 ||    61
  Use: Scroll            |     2 |       |     7 |    14 |     1 ||    24
       Potion            |       |       |     1 |       |       ||     1
  Eat: Chunk             |     3 |    12 |     7 |    21 |     3 ||    46
       Fruit             |       |       |     1 |     9 |     2 ||    12
       Meat ration       |       |       |     1 |       |       ||     1
       Bread ration      |       |       |     1 |       |       ||     1
Armor: Robe              |       |     3 |     6 |     4 |       ||    13
Dodge: Dodged            |     2 |    25 |    24 |    28 |       ||    79
